 Dungeon Crawl Stone Soup version 0.31.0 (webtiles) character file.

Game seed: 9825534200710607990

539 qw the Shooter (level 7, -3/43 HPs)
             Began as a Gargoyle Hunter on Jan 20, 2024.
             Slain by a wight
             ... wielding a +5 scimitar of freezing
              (6 damage)
             ... on level 5 of the Dungeon.
             The game lasted 00:00:13 (3428 turns).

qw the Shooter (Gargoyle Hunter)                    Turns: 3428, Time: 00:00:14

Health: -3/43      AC: 13    Str: 14    XL:     7   Next: 26%
Magic:  7/7        EV: 11    Int: 10    God:
Gold:   245        SH:  0    Dex: 15    Spells: 6/6 levels left

rFire   + . .        d - +1 orcbow
rCold   . . .        (shield currently unavailable)
rNeg    + . .        i - +0 ring mail
rPois   inf          f - +1 helmet
rElec   +            (no cloak)
rCorr   .            (no gloves)
SInv    .            e - +0 pair of boots
Will    .....        (no amulet)
Stlth   +            l - ring of protection from fire
HPRegen 0.27/turn    (no ring)
MPRegen 0.10/turn

%: no passive effects
@: no status effects
A: sickness immunity, AC +4, negative energy resistance 1, electricity
resistance, torment resistance 1, petrification resistance
a: no special abilities


You were on level 5 of the Dungeon.
You visited 1 branch of the dungeon, and saw 5 of its levels.

You collected 245 gold pieces.


Innate Abilities, Weirdness & Mutations

You are immune to sickness and miasma.
Your stone body is resilient. (AC +4)
You are immune to poison.
You resist negative energy. (rN+)
You are resistant to electric shocks. (rElec)
You are resistant to unholy torment.
You are immune to petrification.


   Skills:
 - Level 4.2 Fighting
 + Level 7.2 Ranged Weapons
 - Level 2.9 Armour
 - Level 1.5 Dodging
 - Level 1.1 Stealth


You had 6 spell levels left.
You didn't know any spells.
Your spell library was empty.

Inventory:

Hand Weapons
 d - a +1 orcbow (weapon)
Armour
 e - a +0 pair of boots (worn)
 f - a +1 helmet (worn)
 i - a +0 ring mail (worn)
Jewellery
 c - a ring of willpower
 h - a +6 ring of intelligence
 l - a ring of protection from fire (left hand)
Wands
 b - a wand of flame (9)
Potions
 a - a potion of might
 g - a potion of mutation {unknown}

Dungeon Overview and Level Annotations

Branches:
Dungeon (5/15)
 Temple: D:4-7

Altars:
Elyvilon
Qazlal
Trog

Annotations:
D:1 2 transporters


Message History

There is a stone staircase leading up here.
A howler monkey comes into view.
A wight comes into view.
It is wielding a +5 scimitar of freezing.
There is a stone staircase leading up here.
3418 ||| RETREEEEATING.
You shoot an arrow.
The arrow hits the wight but does no damage.
You shoot an arrow.
The arrow hits the wight but does no damage.
You shoot an arrow. The arrow hits the wight!
The wight is severely damaged.
You shoot an arrow. The arrow closely misses the wight.
The arrow hits the wight!
You destroy the wight!
You shoot an arrow.
The arrow hits the wight but does no damage.
You shoot an arrow. The arrow hits the wight.
The wight is lightly damaged.
The wight misses you.
You shoot an arrow. The arrow hits the wight.
The wight is heavily damaged.
The wight hits you with a +5 scimitar of freezing.
The wight freezes you.
The wight hits you with a +5 scimitar of freezing!
The wight freezes you.
You shoot an arrow. The arrow completely misses the wight.
The arrow hits the wight.
The wight is lightly damaged.
The wight hits you but does no damage.
You shoot an arrow. The arrow barely misses the wight.
The arrow hits the wight but does no damage.
The wight is lightly damaged.
The wight hits you with a +5 scimitar of freezing!
The wight freezes you.
You shoot an arrow. The arrow closely misses the wight.
The arrow hits the wight.
The wight is moderately damaged.
The wight hits you with a +5 scimitar of freezing!
The wight freezes you.
You die...

#.## #. ....... ...# #.
...... ..# #. ..#.. ..#
#. #... #.# #. #..# #.#
#. #..# ##.## ##.####..#
##...#
#.zz@.<..#######.#.#.
h..$.#.####...##.........
8.. ).. #.......##.#.#. .
8..## #>..##.####...#
..... #.###### ##.## ...8
#.# #... ... #.# #.## ..8
#.. ##


You could see 2 wights.

Vanquished Creatures
  An ice beast (D:5)
  2 scorpions
  A wight (D:5)
  A jelly (D:5)
  2 orc priests (D:4)
  A hound (D:4)
  Terence (D:2)
  A mummy (D:4)
  3 adders
  2 dart slugs
  3 ribbon worms
  13 orcs
  7 endoplasms
  2 giant cockroaches
  3 goblins
  5 hobgoblins
  2 jackals (D:1)
  5 quokkas
  6 ball pythons
  3 bats
  8 frilled lizards
  7 kobolds
  2 orc zombies (D:4)
  6 rats
87 creatures vanquished.

Notes
Turn   | Place    | Note
-------+----------+-------------------------------------------
     0 | D:1      | qw the Gargoyle Hunter began the quest for the Orb.
     0 | D:1      | Reached XP level 1. HP: 12/12 MP: 1/1
     0 | D:1      | 0 ||| qw: Version: 0.3-a-132-g3d54051
     0 | D:1      | 0 ||| qw: Game counter: 523
     0 | D:1      | 0 ||| qw: Melee chars always use a shield: true
     0 | D:1      | 0 ||| qw: God list: Okawaru
     0 | D:1      | 0 ||| qw: Allow faded altars: false
     0 | D:1      | 0 ||| qw: Do Orc after clearing Dungeon:15 true
     0 | D:1      | 0 ||| qw: Do second Lair branch before Depths: true
     0 | D:1      | 0 ||| qw: Lair rune preference: random
     0 | D:1      | 0 ||| qw: Goals: Normal
     0 | D:1      | 0 ||| PLANNING D:1-11
   103 | D:1      | Reached XP level 2. HP: 17/17 MP: 2/2
   108 | D:1      | 108 ||| SWAPPING to +0 orcbow.
   110 | D:1      | 110 ||| DROPPING +0 shortbow.
   400 | D:1      | Reached XP level 3. HP: 21/21 MP: 3/3
   611 | D:1      | 611 ||| UPGRADING to +1 helmet.
   616 | D:1      | 616 ||| READING scroll labelled FIVAXKANKI.
   617 | D:1      | 617 ||| DROPPING scroll of butterflies.
   642 | D:2      | Noticed Terence
   648 | D:2      | Killed Terence
   649 | D:2      | Reached skill level 5 in Ranged Weapons
   844 | D:2      | Reached XP level 4. HP: 27/27 MP: 4/4
  1328 | D:2      | 1328 ||| UPGRADING to +0 ring mail.
  1338 | D:2      | 1338 ||| DROPPING +0 leather armour.
  1339 | D:2      | 1339 ||| UPGRADING to ring of protection from fire.
  1340 | D:2      | 1340 ||| READING scroll labelled XYEMMU OMNI.
  1341 | D:2      | 1341 ||| READING scroll labelled AKIASO JIAVUWK.
  1341 | D:2      | 1341 ||| IDENTIFYING fuming orange potion
  1342 | D:2      | 1342 ||| READING scroll labelled BOVIUT ZOWO.
  1343 | D:2      | 1343 ||| FLEEEEING.
  1537 | D:3      | Found a stormy altar of Qazlal.
  1664 | D:3      | Reached skill level 1 in Armour
  1668 | D:3      | Reached skill level 3 in Fighting
  2222 | D:3      | 2222 ||| READING scroll of identify.
  2222 | D:3      | 2222 ||| IDENTIFYING brown potion
  2223 | D:3      | 2223 ||| DRINKING 2 glowing inky potions.
  2224 | D:3      | 2224 ||| DROPPING potion of magic.
  2225 | D:3      | 2225 ||| DROPPING potion of attraction.
  2248 | D:4      | 2248 ||| PLANNING OSSUARY
  2347 | D:4      | Reached XP level 5. HP: 32/32 MP: 5/5
  2350 | D:4      | Reached skill level 6 in Ranged Weapons
  2552 | D:4      | 2552 ||| FLEEEEING.
  2615 | D:4      | Found a white marble altar of Elyvilon.
  2683 | D:4      | Found a bloodstained altar of Trog.
  2711 | D:4      | Reached XP level 6. HP: 38/38 MP: 6/6
  2888 | D:4      | 2888 ||| RIP OSSUARY
  2927 | D:4      | 2927 ||| PLANNING D:1-11
  2938 | D:4      | 2938 ||| FLEEEEING.
  3156 | D:4      | 3156 ||| UPGRADING to +0 pair of boots.
  3161 | D:4      | 3161 ||| READING scroll labelled HOKUGI KATUUM.
  3162 | D:4      | 3162 ||| READING scroll labelled HIRILO QEYX ONEOGA.
  3163 | D:4      | 3163 ||| READING scroll labelled FEKHIY KYESHO.
  3163 | D:4      | 3163 ||| ENCHANTING +0 orcbow.
  3184 | D:5      | Entered Level 5 of the Dungeon
  3189 | D:5      | Noticed an ice beast
  3195 | D:5      | Reached skill level 7 in Ranged Weapons
  3204 | D:5      | HP: 6/38 [wight/+0 dagger (4)]
  3205 | D:5      | 3205 ||| READING scroll of teleportation.
  3400 | D:5      | Killed an ice beast
  3401 | D:5      | Reached XP level 7. HP: 43/43 MP: 7/7
  3418 | D:5      | 3418 ||| RETREEEEATING.
  3428 | D:5      | HP: 3/43 [wight/+5 scimitar of freezing (12)]
  3428 | D:5      | Slain by a wight

Levels and vault maps discovered:
D:1:      spicycebolla_arrival_transporter_tutorial, layout_basic,
          minmay_tripent
D:2:      layout_basic, kennysheep_generic_room_12, uniq_terence
D:3:      layout_loops_corners, nicolae_qazlal_scattered_showers,
          nicolae_figureground_pulse
D:4:      layout_basic, lemuel_round_altar, elyvilon_altar_5,
          nicolae_ossuary_entry_giza
D:5:      layout_loops_ring, nicolae_uskayaw_dance_hall

Skill      XL: |  1  2  3  4  5  6 |
---------------+-------------------+-----
Ranged Weapons | 5 6 7 |  7.2
Armour         | 1 2 |  2.9
Fighting       | 3 4 |  4.2
Dodging        | |  1.5
Stealth        | |  1.1

Action                     |  1- 3 |  4- 6 |  7- 9 || total
---------------------------+-------+-------+-------++-------
   Fire: Shortbow          |    34 |       |       ||    34
         Orcbow            |    58 |   203 |    10 ||   271
    Use: Scroll            |     1 |     8 |       ||     9
         Potion            |       |     1 |       ||     1
 Armour: Leather armour    |    20 |     4 |       ||    24
         Ring mail         |       |    87 |     5 ||    92
  Dodge: Dodged            |    21 |    55 |     1 ||    77

Table legend:
 A = Non-vault XP
 B = Vault XP
 C = Vault XP percentage of total XP
 D = Non-vault monster count
 E = Vault monster count
 F = Vault count percentage of total count
                 A         B        C        D         E       F
            +---------+---------+-------+---------+---------+-------
      Total |     709 |      61 |   7.9 |      80 |       7 |   8.0
            +---------+---------+-------+---------+---------+-------
        D:1 |      33 |       3 |   8.3 |      22 |       2 |   8.3
        D:2 |      28 |      38 |  57.6 |      15 |       2 |  11.8
        D:3 |      55 |       0 |   0.0 |      16 |       0 |   0.0
        D:4 |     247 |      20 |   7.5 |      21 |       3 |  12.5
        D:5 |     346 |       0 |   0.0 |       6 |       0 |   0.0
            +---------+---------+-------+---------+---------+-------
